 Dungeon Crawl Stone Soup version 0.27-a0-1590-g15f69828bf (webtiles) character file.

Game seed: 2564607543212049556

118 Sin92 the Skirmisher (level 4, -5/35 HPs)
             Began as a Demonspawn Fighter on July 18, 2021.
             Slain by an orc (9 damage)
             ... on level 3 of the Dungeon.
             The game lasted 00:02:51 (2676 turns).

Sin92 the Skirmisher (Demonspawn Fighter)           Turns: 2676, Time: 00:02:52

Health: -5/35      AC: 10    Str: 17    XL:     4   Next: 72%
Magic:  4/4        EV:  5    Int: 10    God:
Gold:   138        SH:  9    Dex: 12    Spells: 3/3 levels left

rFire    . . .     SeeInvis .   f - +0 whip (venom)
rCold    . . .     Faith    .   c - +0 kite shield
rNeg     . . .     Spirit   .   j - +0 chain mail
rPois    .         Reflect  .   e - +0 hat
rElec    .         Harm     .   (no cloak)
rCorr    .         Rampage  .   (no gloves)
Will     .....                  l - +0 pair of boots
Stlth    ..........             i - amulet of the acrobat
HPRegen  0.11/turn              (no ring)
MPRegen  0.09/turn              (no ring)

@: no status effects
A: horns 1, powered by pain 1
a: no special abilities


You were on level 3 of the Dungeon.
You visited 1 branch of the dungeon, and saw 3 of its levels.

You collected 138 gold pieces.

Inventory:

Hand Weapons
 a - a +0 trident
 f - a +0 whip of venom (weapon)
Armour
 b - a +0 scale mail
 c - a +0 kite shield (worn)
 e - a +0 hat (worn)
 j - a +0 chain mail (worn)
 l - a +0 pair of boots (worn)
Jewellery
 i - an amulet of the acrobat (around neck)
Scrolls
 g - a scroll of identify {unknown}
 h - a scroll of teleportation {unknown}
Potions
 d - a potion of might
 k - a potion of flight {unknown}


   Skills:
 + Level 3.5 Fighting
 * Level 1.8 Maces & Flails
 + Level 2.2 Polearms
 + Level 3.0 Armour
 + Level 1.4 Dodging
 + Level 3.1 Shields


You had 3 spell levels left.
You didn't know any spells.
Your spell library was empty.

Dungeon Overview and Level Annotations

Branches:
Dungeon (3/15)

Altars:


Innate Abilities, Weirdness & Mutations

You have a pair of small horns on your head.
You sometimes gain a little power by taking damage.


Message History

Unknown command.
You hit the orc priest.
The orc priest is poisoned.
Your headbutt misses the orc priest.
The orc priest is heavily wounded.
The orc barely misses you.
The orc priest hits you but does no damage.
You block the orc's attack. The orc hits you with a +0 club.
Unknown command.
You closely miss the orc priest. You headbutt the orc priest.
The orc priest is severely wounded.
You block the orc's attack. You block the orc priest's attack.
The orc hits you but does no damage. You block the orc's attack.
The orc barely misses you.
Unknown command.
You hit the orc priest.
You kill the orc priest!
The orc hits you with a +0 short sword. The orc barely misses you.
The orc hits you with a +0 flail of holy wrath.
You convulse.
* * * LOW HITPOINT WARNING * * *
The orc priest hits you but does no damage.
The orc barely misses you. The orc closely misses you.
You are too injured to fight recklessly!
Unknown command.
You are too injured to fight recklessly!
Unknown command.
You are too injured to fight recklessly!
Unknown command.
You are too injured to fight recklessly!
You barely miss the orc priest. You headbutt the orc priest.
The orc priest is heavily wounded.
The orc hits you but does no damage. You block the orc priest's attack.
The orc hits you but does no damage. x2
You hit the orc priest but do no damage.
The orc priest is poisoned.
The orc priest is heavily wounded.
The orc hits you with a +0 flail of holy wrath.
* * * LOW HITPOINT WARNING * * *
You convulse!
You die...

.......
.#.........
....>..... #
.......... ##.
......... ##...
.........
#.....##o......
...⌠.go@o..#
##...###o#.####.
#. #..†.......
#...#.####. #.
#.....#
###...###...#
...⌠..†...##
#.....##..#
##...##...#


You could see an orc priest (very poisoned), 3 orcs and a hobgoblin.

Vanquished Creatures
  An orc priest (D:3)
  2 adders (D:2)
  A worm (D:2)
  3 dart slugs (D:1)
  2 orcs (D:3)
  3 bats
  3 endoplasms
  2 giant cockroaches
  4 goblins
  4 hobgoblins
  4 jackals
  5 quokkas
  4 ball pythons
  A frilled lizard (D:2)
  10 kobolds
  7 rats
56 creatures vanquished.

Vanquished Creatures (others)
  8 plants (D:2)
  4 toadstools (D:1)
12 creatures vanquished.

Grand Total: 68 creatures vanquished

Notes
Turn   | Place    | Note
-------+----------+-------------------------------------------
     0 | D:1      | Sin92 the Demonspawn Fighter began the quest for the Orb.
     0 | D:1      | Reached XP level 1. HP: 18/18 MP: 1/1
    26 | D:1      | Found a faded altar of an unknown god.
   306 | D:1      | Gained mutation: You have a pair of small horns on your
                  | head. [demonic ancestry]
   306 | D:1      | Reached XP level 2. HP: 19/24 MP: 2/2
   886 | D:1      | Reached skill level 1 in Maces & Flails
  1127 | D:1      | Gained mutation: You sometimes gain a little power by
                  | taking damage. [demonic ancestry]
  1127 | D:1      | Reached XP level 3. HP: 29/29 MP: 3/3
  1452 | D:2      | Reached skill level 1 in Dodging
  2176 | D:2      | Reached XP level 4. HP: 33/35 MP: 4/4
  2676 | D:3      | Slain by an orc

Illustrated notes

Levels and vault maps discovered:
D:1:      ldierk_walled_garden_2, layout_loops_corners,
          hellmonk_ecumenical_altar_lost_god, minivault_5
D:2:      layout_basic, lexackson_kobold_supper
D:3:      layout_basic, old_standard_altar, minivault_25, grunt_ministairs_15

Skill      XL: |  1  2  3  4 |
---------------+-------------+-----
Polearms       | 2 |  2.2
Maces & Flails | 1 |  1.8
Dodging        | 1 |  1.4
Armour         | 3 |  3.0
Shields        | 3 |  3.1
Fighting       | |  3.5

Action                   |  1- 3 |  4- 6 || total
-------------------------+-------+-------++-------
Melee: Whip              |    90 |    57 ||   147
       Trident           |     8 |       ||     8
       Headbutt          |    12 |    11 ||    23
Armor: Scale mail        |    22 |       ||    22
       Chain mail        |    18 |    28 ||    46
Dodge: Dodged            |    33 |    17 ||    50
Block: Kite shield       |    40 |    26 ||    66

Table legend: (Time is in decaauts)
 A = Elapsed time spent in this place.
 B = Non-inter-level travel time spent in this place.
 C = Inter-level travel time spent in this place.
 D = Time resting spent in this place.
 E = Time spent auto-exploring this place.
 F = Levels seen in this place.
 G = Mean time per level.
                   A        B        C        D        E       F      G
               +--------+--------+--------+--------+--------+-----+--------+
         Total |   2720 |   2578 |    142 |    167 |   2013 |   3 |  906.7 |
       Dungeon |   2720 |   2578 |    142 |    167 |   2013 |   3 |  906.7 |
               +--------+--------+--------+--------+--------+-----+--------+

Top non-repeatable levels by time:
     D:1: 1467 daAuts
     D:2: 1203 daAuts
     D:3: 50 daAuts
